 Dungeon Crawl Stone Soup version 0.27-a0-1090-gb115f176c6 (webtiles) character file.

Game seed: 8544850773474003282

36 rageheart7 the Ruffian (level 3, -2/30 HPs)
             Began as a Draconian Transmuter on Apr 28, 2021.
             Frozen to death by an endoplasm (3 damage)
             ... on level 1 of the Dungeon.
             The game lasted 00:01:42 (1283 turns).

rageheart7 the Ruffian (Draconian Transmuter)       Turns: 1283, Time: 00:01:43

Health: -2/30      AC:  6    Str: 13    XL:     3   Next: 19%
Magic:  0/6        EV: 12    Int: 13    God:
Gold:   82         SH:  0    Dex: 11    Spells: 5/6 levels left

rFire    . . .     SeeInvis .     - Unarmed
rCold    . . .     Faith    .   (no shield)
rNeg     . . .     Spirit   +   (armour unavailable)
rPois    .         Reflect  .   (helmet restricted)
rElec    .         Harm     .   e - +0 cloak
rCorr    .         Rampage  .   (no gloves)
Will     .....                  (no boots)
Stlth    +.........             h - amulet of guardian spirit
HPRegen  0.10/turn              (no ring)
MPRegen  0.10/turn              (no ring)

@: slowed, very slow
A: AC +5, unfitting armour, cold-blooded
a: no special abilities


You were on level 1 of the Dungeon.
You visited 1 branch of the dungeon, and saw 2 of its levels.

You collected 82 gold pieces.

Inventory:

Armour
 e - a +0 cloak (worn)
Jewellery
 h - an amulet of guardian spirit (around neck)
Scrolls
 a - 2 scrolls of teleportation {unknown}
 b - a scroll of brand weapon {unknown}
 f - a scroll of fog {unknown}
 j - a scroll of identify {unknown}
Potions
 c - a potion of degeneration {unknown}
 d - a potion of attraction {unknown}
 g - a potion of heal wounds {unknown}
 i - a potion of flight {unknown}
 k - a potion of berserk rage {unknown}


   Skills:
 * Level 2.5 Fighting
 - Level 1.7 Dodging
 * Level 3.7 Unarmed Combat
 - Level 2.0 Spellcasting
 - Level 2.0 Transmutations


You had 5 spell levels left.
You knew the following spells:

 Your Spells              Type           Power      Damage    Failure   Level
a - Beastly Appendage     Tmut           12%        N/A       11%         1

Your spell library contained the following spells:

 Spells                   Type           Power      Damage    Failure   Level
 Wereblood                Tmut           6%         N/A       17%         2
 Spider Form              Tmut/Pois      1%         N/A       45%         3
 Ice Form                 Ice/Tmut       3%         N/A       86%         4
 Cause Fear               Hex            0%         N/A       94%         4
 Hydra Form               Tmut           3%         N/A       97%         5
 Yara's Violent Unravell  Hex/Tmut       1%         3d3       99%         5
 Silence                  Hex/Air        0%         N/A       100%        5
 Discord                  Hex            0%         N/A       100%        8


Dungeon Overview and Level Annotations

Branches:
Dungeon (2/15)

Altars:

Shops:
D:2 *


Innate Abilities, Weirdness & Mutations

Your plain brown scales are hard. (AC +5)
You cannot fit into any form of body armour.
You are cold-blooded and may be slowed by cold attacks.


Message History

You closely miss the gnoll.
The gnoll is heavily wounded.
The endoplasm hits you but does no damage.
The gnoll hits you with a +0 flail!
You closely miss the gnoll.
The gnoll is heavily wounded.
The endoplasm hits you but does no damage.
The gnoll hits you with a +0 flail.
You hit the gnoll.
The gnoll is severely wounded.
The endoplasm hits you but does no damage.
A gnoll comes into view. It is wielding a +0 flail.
The gnoll hits you with a +0 whip.
* * * LOW HITPOINT WARNING * * *
The gnoll closely misses you. The gnoll misses you.
The gnoll hits you with a +0 whip.
* * * LOW HITPOINT WARNING * * *
The gnoll shouts!
A quokka and an endoplasm come into view.
A gnoll opens the door.
The endoplasm quivers.
The quokka bites you.
* * * LOW HITPOINT WARNING * * *
The quokka misses you. The endoplasm closely misses you.
The quokka barely misses you.
Found an escape hatch in the floor.
There is a stone staircase leading up here.
The quokka completely misses you. The endoplasm freezes you.
You are frozen.
* * * LOW HITPOINT WARNING * * *
You feel yourself slow down. The quokka closely misses you.
You climb upwards.
There is a stone staircase leading down here.
You completely miss the endoplasm. The endoplasm hits you.
The quokka bites you but does no damage.
The endoplasm freezes you.
You are frozen.
You die...

#........# #.#
#........# #.#
#####....# #.#
####.# #.#
###########.# #.#
....).......# #.#
############# #.#
...........#######
#.#
...............J@#
#.#
#..........#####r#
#.# #......#####
#.# #.# #......#
#.# #.### #......#
#.# #...# #......#
#.# ###.# #......#
#.# #.# #......#
#.# #.# #.######
#.# #.#


You could see an endoplasm and a quokka.

Vanquished Creatures
  An adder (D:2)
  4 ball pythons (D:1)
  A bat (D:1)
  4 endoplasms (D:1)
  2 giant cockroaches (D:1)
  3 goblins
  A quokka (D:1)
  A frilled lizard (D:1)
  5 kobolds
  3 rats (D:2)
25 creatures vanquished.

Vanquished Creatures (others)
  5 plants (D:2)
5 creatures vanquished.

Grand Total: 30 creatures vanquished

Notes
Turn   | Place    | Note
-------+----------+-------------------------------------------
     0 | D:1      | rageheart7 the Draconian Transmuter began the quest for the
                  | Orb.
     0 | D:1      | Reached XP level 1. HP: 16/16 MP: 3/3
   183 | D:1      | Reached XP level 2. HP: 22/24 MP: 3/5
   235 | D:1      | Found a faded altar of an unknown god.
  1008 | D:2      | Reached XP level 3. HP: 22/30 MP: 4/6
  1223 | D:2      | Found Dekki's Assorted Antiques.
  1281 | D:2      | HP: 1/30 [frozen (4)]
  1283 | D:1      | Frozen to death by an endoplasm

Illustrated notes

Levels and vault maps discovered:
D:1:      dpeg_arrival_snail, layout_basic,
          shapermc_ecumenical_altar_mp_ritualfount
D:2:      cheibrodos_pilgrimage, layout_basic, serial_forest,
          infiniplex_forest_clump_large, infiniplex_forest_clump_long,
          infiniplex_forest_end_3, infiniplex_forest_clump_curved,
          infiniplex_forest_clump_diagonal, infiniplex_forest_straight_2,
          infiniplex_forest_clump_small, infiniplex_forest_lined_room_2,
          infiniplex_forest_end_3, infiniplex_forest_lined_room_2, serial_shops,
          shop, serial_bayou_ford_a, uniq_crazy_yiuf_cottage, uniq_terence

Skill      XL: |  1  2 |
---------------+-------+-----
Fighting       | 2 |  2.5
Dodging        | |  1.7
Unarmed Combat | |  3.7
Spellcasting   | |  2.0
Transmutations | |  2.0

Action                   || total
-------------------------++-------
Melee: Unarmed           ||    68
       Headbutt          ||     7
       Kick              ||     7
       Tailslap          ||     3
 Cast: Beastly Appendage ||    16
Armor: Skin              ||    16
Dodge: Dodged            ||    47

Table legend: (Time is in decaauts)
 A = Elapsed time spent in this place.
 B = Non-inter-level travel time spent in this place.
 C = Inter-level travel time spent in this place.
 D = Time resting spent in this place.
 E = Time spent auto-exploring this place.
 F = Levels seen in this place.
 G = Mean time per level.
                   A        B        C        D        E       F      G
               +--------+--------+--------+--------+--------+-----+--------+
         Total |   1280 |   1241 |     39 |      0 |   1013 |   2 |  640.0 |
       Dungeon |   1280 |   1241 |     39 |      0 |   1013 |   2 |  640.0 |
               +--------+--------+--------+--------+--------+-----+--------+

Top non-repeatable levels by time:
     D:1: 997 daAuts
     D:2: 282 daAuts
